TOP OF THE 1ST |
Houston 1837 BBC batting - Pitching for D.C. Divided : LHP Leslie Brooks
|
Pitching: LHP Leslie Brooks
|
|
Batting: RHB Kumanosuke Abe
|
0-0: Ball 1-0: Foul Ball, location: 2F 1-1: Called Strike 1-2: Ground out 1-3 (Groundball, 13S)
|
Batting: RHB Tracy Parker
|
0-0: Ball 1-0: Swinging Strike 1-1: Ball 2-1: Ball 3-1: Foul Ball, location: 2F 3-2: Foul Ball, location: 2F 3-2: Foul Ball, location: 2F 3-2: Foul Ball, location: 2F 3-2: Foul Ball, location: 2F 3-2: Base on Balls
|
Batting: RHB Bob Dickerson
|
0-0: Swinging Strike 0-1: Ball 1-1: Foul Ball, location: 2F 1-2: Ball 2-2: Ball 3-2: Ground out 4-3 (Groundball, 4M) Tracy Parker to second
|
Batting: RHB Bob Campbell
|
0-0: Called Strike 0-1: Ball 1-1: Foul Ball, location: 2F 1-2: Ball 2-2: Foul Ball, location: 2F 2-2: Ball 3-2: Foul Ball, location: 2F 3-2: Strikes out looking
|
Top of the 1st over - 0 run(s), 0 hit(s), 0 error(s), 1 left on base; Houston 0 - D.C. 0 |
BOTTOM OF THE 1ST |
D.C. Divided batting - Pitching for Houston 1837 BBC : RHP Fraser Cuevas
|
Pitching: RHP Fraser Cuevas
|
|
Batting: RHB Cristo González
|
0-0: Called Strike 0-1: Fly out, F9 (Flyball, 89S)
|
Batting: LHB Brad Elmore
|
0-0: Foul Ball, location: 2F 0-1: Called Strike 0-2: Ball 1-2: Foul Ball, location: 2F 1-2: Ball 2-2: Ground out 6-3 (Groundball, 6)
|
Batting: LHB Mike Gardner
|
0-0: Fly out, F9 (Flyball, 89M)
|
Bottom of the 1st over - 0 run(s), 0 hit(s), 0 error(s), 0 left on base; Houston 0 - D.C. 0 |
TOP OF THE 2ND |
Houston 1837 BBC batting - Pitching for D.C. Divided : LHP Leslie Brooks
|
Batting: LHB José Marín
|
0-0: Ball 1-0: Ball 2-0: Swinging Strike 2-1: Ground out 1-3 (Groundball, 13)
|
Batting: LHB Alberto Torres
|
0-0: Foul Ball, location: 2F 0-1: Foul Ball, location: 2F 0-2: Strikes out swinging
|
Batting: SHB Jason Alexander
|
0-0: Ball 1-0: Called Strike 1-1: SINGLE (Groundball, 6MD)
|
Batting: LHB Mark McClear
|
0-0: Called Strike 0-1: Swinging Strike 0-2: Foul Ball, location: 2F 0-2: Ground out U3 (Groundball, 3)
|
Top of the 2nd over - 0 run(s), 1 hit(s), 0 error(s), 1 left on base; Houston 0 - D.C. 0 |
BOTTOM OF THE 2ND |
D.C. Divided batting - Pitching for Houston 1837 BBC : RHP Fraser Cuevas
|
Batting: LHB Ray Sears
|
0-0: Ball 1-0: DOUBLE (Line Drive, 4D)
|
Batting: LHB Charles Mathes
|
0-0: Swinging Strike 0-1: Called Strike 0-2: Strikes out swinging
|
Batting: RHB Mario Castillo
|
0-0: Foul Ball, location: 2F 0-1: Ball 1-1: Called Strike 1-2: Foul Ball, location: 2F 1-2: Foul Ball, location: 2F 1-2: Strikes out looking
|
Batting: RHB Lúcio López
|
0-0: Foul Ball, location: 2F 0-1: Foul Ball, location: 2F 0-2: Foul Ball, location: 2F 0-2: Strikes out looking
|
Bottom of the 2nd over - 0 run(s), 1 hit(s), 0 error(s), 1 left on base; Houston 0 - D.C. 0 |
TOP OF THE 3RD |
Houston 1837 BBC batting - Pitching for D.C. Divided : LHP Leslie Brooks
|
Batting: LHB Brad Lawrence
|
0-0: Ground out 4-3 (Groundball, 4)
|
Batting: RHB Kumanosuke Abe
|
0-0: Ball 1-0: Ball 2-0: Foul Ball, location: 2F 2-1: Foul Ball, location: 2F 2-2: SOLO HOME RUN (Flyball, 7LD), Distance : 362 ft
|
Batting: RHB Tracy Parker
|
0-0: Ball 1-0: Fly out, F2 (Popup, 25F)
|
Batting: RHB Bob Dickerson
|
0-0: Foul Ball, location: 2F 0-1: Hit by Pitch
|
Batting: RHB Bob Campbell
|
0-0: Ball 1-0: Called Strike 1-1: Called Strike 1-2: Ball 2-2: Foul Ball, location: 2F 2-2: Ball 3-2: Foul Ball, location: 2F 3-2: Base on Balls Bob Dickerson to second
|
Batting: LHB José Marín
|
0-0: Called Strike 0-1: Ball 1-1: Ball 2-1: Ball 3-1: Called Strike 3-2: Foul Ball, location: 2F 3-2: Foul Ball, location: 2F 3-2: Strikes out swinging
|
Top of the 3rd over - 1 run(s), 1 hit(s), 0 error(s), 2 left on base; Houston 1 - D.C. 0 |
BOTTOM OF THE 3RD |
D.C. Divided batting - Pitching for Houston 1837 BBC : RHP Fraser Cuevas
|
Batting: LHB Ernesto Sánchez
|
0-0: Foul Ball, location: 2F 0-1: SINGLE (Line Drive, 6MD)
|
Batting: LHB Ramón García
|
0-0: Foul Ball, location: 2F 0-1: Foul Ball, location: 2F 0-2: Strikes out swinging
|
Batting: RHB Cristo González
|
0-0: Swinging Strike 0-1: Ball Wild Pitch! Ernesto Sánchez to second 1-1: Foul Ball, location: 2F 1-2: Strikes out swinging
|
Batting: LHB Brad Elmore
|
0-0: Ball 1-0: Ground out 1-3 (Groundball, 13)
|
Bottom of the 3rd over - 0 run(s), 1 hit(s), 0 error(s), 1 left on base; Houston 1 - D.C. 0 |
TOP OF THE 4TH |
Houston 1837 BBC batting - Pitching for D.C. Divided : LHP Leslie Brooks
|
Batting: LHB Alberto Torres
|
0-0: Called Strike 0-1: Called Strike 0-2: Strikes out looking
|
Batting: SHB Jason Alexander
|
0-0: Called Strike 0-1: Ball 1-1: Called Strike 1-2: Ground out 5-3 (Groundball, 56)
|
Batting: LHB Mark McClear
|
0-0: Ball 1-0: Called Strike 1-1: Foul Ball, location: 2F 1-2: Foul Ball, location: 2F 1-2: Strikes out swinging
|
Top of the 4th over - 0 run(s), 0 hit(s), 0 error(s), 0 left on base; Houston 1 - D.C. 0 |
BOTTOM OF THE 4TH |
D.C. Divided batting - Pitching for Houston 1837 BBC : RHP Fraser Cuevas
|
Batting: LHB Mike Gardner
|
0-0: Ball 1-0: Foul Ball, location: 2F 1-1: Ball 2-1: Fly out, F9 (Flyball, 9D)
|
Batting: LHB Ray Sears
|
0-0: Ball 1-0: Ground out 4-3 (Groundball, 4)
|
Batting: LHB Charles Mathes
|
0-0: Ball 1-0: Ball 2-0: Ball 3-0: Called Strike 3-1: Base on Balls
|
Batting: RHB Mario Castillo
|
0-0: Called Strike Throwing error on steal attempt, E2 Charles Mathes to third 0-1: Fly out, F7 (Flyball, 7M)
|
Bottom of the 4th over - 0 run(s), 0 hit(s), 1 error(s), 1 left on base; Houston 1 - D.C. 0 |
TOP OF THE 5TH |
Houston 1837 BBC batting - Pitching for D.C. Divided : LHP Leslie Brooks
|
Batting: LHB Brad Lawrence
|
0-0: Ground out U3 (Groundball, 3S)
|
Batting: RHB Kumanosuke Abe
|
0-0: Foul Ball, location: 2F 0-1: Swinging Strike 0-2: Ball 1-2: Ball 2-2: Ball 3-2: Hit by Pitch
|
Batting: RHB Tracy Parker
|
0-0: Called Strike 0-1: Foul Ball, location: 2F 0-2: Fielders Choice at 2nd, 4-6 (Groundball, 4)
|
Batting: RHB Bob Dickerson
|
0-0: Called Strike 0-1: Ball 1-1: Ball 2-1: Called Strike 2-2: Ground out 6-3 (Groundball, 6)
|
Top of the 5th over - 0 run(s), 0 hit(s), 0 error(s), 1 left on base; Houston 1 - D.C. 0 |
BOTTOM OF THE 5TH |
D.C. Divided batting - Pitching for Houston 1837 BBC : RHP Fraser Cuevas
|
Batting: RHB Lúcio López
|
0-0: Swinging Strike 0-1: Foul Ball, location: 2F 0-2: Strikes out swinging, 2-3 out at first.
|
Batting: LHB Ernesto Sánchez
|
0-0: Ball 1-0: Foul Ball, location: 2F 1-1: SINGLE (Groundball, 56)
|
Batting: LHB Ramón García
|
0-0: Ball 1-0: Foul Ball, location: 2F 1-1: Called Strike 1-2: Foul Ball, location: 2F 1-2: Ball 2-2: Ball 3-2: Base on Balls Ernesto Sánchez to second
|
Batting: RHB Cristo González
|
0-0: Ball 1-0: Ball 2-0: Grounds into double play, 5-4-3 (Groundball, 5D)
|
Bottom of the 5th over - 0 run(s), 1 hit(s), 0 error(s), 1 left on base; Houston 1 - D.C. 0 |
TOP OF THE 6TH |
Houston 1837 BBC batting - Pitching for D.C. Divided : LHP Leslie Brooks
|
Batting: RHB Bob Campbell
|
0-0: SINGLE (Groundball, 15S) (infield hit)
|
Batting: LHB José Marín
|
0-0: Foul Ball, location: 2F 0-1: Ball 1-1: Swinging Strike 1-2: Strikes out swinging
|
Batting: LHB Alberto Torres
|
0-0: Ball 1-0: Ball 2-0: Called Strike 2-1: Ball 3-1: Foul Ball, location: 2F 3-2: SINGLE (Line Drive, 9S) Bob Campbell to second
|
Batting: SHB Jason Alexander
|
0-0: Foul Ball, location: 2F 0-1: Swinging Strike 0-2: Ball 1-2: Ball 2-2: Strikes out swinging
|
Batting: LHB Mark McClear
|
0-0: Swinging Strike 0-1: Foul Ball, location: 2F 0-2: Strikes out swinging
|
Top of the 6th over - 0 run(s), 2 hit(s), 0 error(s), 2 left on base; Houston 1 - D.C. 0 |
BOTTOM OF THE 6TH |
D.C. Divided batting - Pitching for Houston 1837 BBC : RHP Fraser Cuevas
|
Batting: LHB Brad Elmore
|
0-0: Ball 1-0: Called Strike 1-1: Ball 2-1: Foul Ball, location: 2F 2-2: DOUBLE (Line Drive, 7LM)
|
Batting: LHB Mike Gardner
|
0-0: Fly out, F7 (Flyball, 7LS)
|
Batting: LHB Ray Sears
|
0-0: Called Strike 0-1: Foul Ball, location: 2F 0-2: Strikes out looking
|
Batting: LHB Charles Mathes
|
0-0: Swinging Strike 0-1: 2-RUN HOME RUN (Flyball, 9D), Distance : 388 ft
|
Batting: RHB Mario Castillo
|
0-0: Fly out, F9 (Flyball, 9M)
|
Bottom of the 6th over - 2 run(s), 2 hit(s), 0 error(s), 0 left on base; Houston 1 - D.C. 2 |
TOP OF THE 7TH |
Houston 1837 BBC batting - Pitching for D.C. Divided : LHP Leslie Brooks
|
Batting: LHB Brad Lawrence
|
0-0: Called Strike 0-1: Called Strike 0-2: Ball 1-2: Strikes out swinging
|
Batting: RHB Kumanosuke Abe
|
0-0: Called Strike 0-1: Foul Ball, location: 2F 0-2: Fly out, F5 (Line Drive, 5L)
|
Batting: RHB Tracy Parker
|
0-0: Swinging Strike 0-1: Ball 1-1: Ball 2-1: Ball 3-1: DOUBLE (Line Drive, 89S)
|
Pitching: LHP Domingo Posadas
|
|
Batting: RHB Bob Dickerson
|
0-0: Ground out 6-3 (Groundball, 6M)
|
Top of the 7th over - 0 run(s), 1 hit(s), 0 error(s), 1 left on base; Houston 1 - D.C. 2 |
BOTTOM OF THE 7TH |
D.C. Divided batting - Pitching for Houston 1837 BBC : RHP Fraser Cuevas
|
Batting: RHB Lúcio López
|
0-0: Ball 1-0: Ball 2-0: Called Strike 2-1: Ball 3-1: Foul Ball, location: 2F 3-2: Fly out, F7 (Line Drive, 78M)
|
Batting: LHB Ernesto Sánchez
|
0-0: Ball 1-0: Ball 2-0: DOUBLE (Groundball, 3D)
|
Pinch Hitting: RHB Miguel Silva
|
0-0: Intentional Walk
|
Batting: RHB Cristo González
|
0-0: Swinging Strike 0-1: Ball 1-1: SINGLE (Line Drive, 78S) Ernesto Sánchez to third Miguel Silva to second Runner from 3rd tries for Home, SAFE, throw made home Miguel Silva to third Cristo González to second
|
Batting: LHB Brad Elmore
|
0-0: Ball 1-0: Called Strike 1-1: Foul Ball, location: 2F 1-2: DOUBLE (Flyball, 78XD) Miguel Silva scores Cristo González scores
|
Pitching: RHP Tyler Rodríguez
|
|
Batting: LHB Mike Gardner
|
0-0: Ball 1-0: Ball 2-0: Ball 3-0: Base on Balls
|
Batting: LHB Ray Sears
|
0-0: Ball 1-0: Foul Ball, location: 2F 1-1: Swinging Strike 1-2: Foul Ball, location: 2F 1-2: 3-RUN HOME RUN (Line Drive, 9LD), Distance : 365 ft
|
Batting: LHB Charles Mathes
|
0-0: Ball 1-0: Ball 2-0: Foul Ball, location: 2F 2-1: Ball 3-1: Swinging Strike 3-2: Foul Ball, location: 2F 3-2: Base on Balls
|
Batting: RHB Mario Castillo
|
0-0: Called Strike 0-1: Ground out 5-3 (Groundball, 5S) Charles Mathes to second
|
Batting: RHB Lúcio López
|
0-0: Ball 1-0: Ball 2-0: Fly out, F3 (Popup, 3F)
|
Bottom of the 7th over - 6 run(s), 4 hit(s), 0 error(s), 1 left on base; Houston 1 - D.C. 8 |
TOP OF THE 8TH |
Houston 1837 BBC batting - Pitching for D.C. Divided : LHP Domingo Posadas
|
Now at 2B: Tony Romero
|
|
Batting: RHB Bob Campbell
|
0-0: Foul Ball, location: 2F 0-1: Foul Ball, location: 2F 0-2: Foul Ball, location: 2F 0-2: Foul Ball, location: 2F 0-2: Ball 1-2: Strikes out swinging
|
Batting: LHB José Marín
|
0-0: Ball 1-0: Foul Ball, location: 2F 1-1: Called Strike 1-2: Strikes out swinging
|
Batting: LHB Alberto Torres
|
0-0: Called Strike 0-1: Called Strike 0-2: Ball 1-2: Strikes out looking
|
Top of the 8th over - 0 run(s), 0 hit(s), 0 error(s), 0 left on base; Houston 1 - D.C. 8 |
BOTTOM OF THE 8TH |
D.C. Divided batting - Pitching for Houston 1837 BBC : RHP Tyler Rodríguez
|
Batting: LHB Ernesto Sánchez
|
0-0: Ball 1-0: Called Strike 1-1: Swinging Strike 1-2: Ball 2-2: Ground out 4-3 (Groundball, 4M)
|
Batting: RHB Tony Romero
|
0-0: Called Strike 0-1: Ground out U3 (Groundball, 3)
|
Batting: RHB Cristo González
|
0-0: SINGLE (Line Drive, 7S)
|
Batting: LHB Brad Elmore
|
0-0: Ball Cristo González is caught stealing 2nd base
|
Bottom of the 8th over - 0 run(s), 1 hit(s), 0 error(s), 0 left on base; Houston 1 - D.C. 8 |
TOP OF THE 9TH |
Houston 1837 BBC batting - Pitching for D.C. Divided : LHP Domingo Posadas
|
Batting: SHB Jason Alexander
|
0-0: Ground out 4-3 (Groundball, 4M)
|
Batting: LHB Mark McClear
|
0-0: Called Strike 0-1: Ball 1-1: Ground out 4-3 (Groundball, 4MS)
|
Batting: LHB Brad Lawrence
|
0-0: Ball 1-0: Called Strike 1-1: DOUBLE (Line Drive, 9LS)
|
Batting: RHB Kumanosuke Abe
|
0-0: Ball 1-0: Called Strike 1-1: Ball 2-1: Foul Ball, location: 2F 2-2: Strikes out swinging
|
Top of the 9th over - 0 run(s), 1 hit(s), 0 error(s), 1 left on base; Houston 1 - D.C. 8 |
|